 Dungeon Crawl Stone Soup version 0.29-a0-617-g7a6b98fccd (webtiles) character file.

Game seed: 5446919139877133053

528 Vylera the Insei (level 7, 0/32 (36) HPs)
             Began as a Vine Stalker Wanderer on June 18, 2022.
             Was a Follower of Uskayaw.
             Slain by an orc priest
             ... wielding a +0 hand axe
              (4 damage)
             ... on level 3 of the Dungeon.
             The game lasted 00:11:50 (3766 turns).

Vylera the Insei (Vine Stalker Wanderer)            Turns: 3766, Time: 00:11:50

HP:   0/32 (36)     AC:  4    Str: 14    XL:     7   Next: 23%
MP:   0/2           EV: 11    Int: 16    God:    Uskayaw [*.....]
Gold: 142           SH:  0    Dex: 15    Spells: 6/6 levels left

rFire   . . .      SeeInvis .   a - +7 rapier of the Slime-mould {antimagic, Int+3}
rCold   . . .      Faith    .   (no shield)
rNeg    . . .      Spirit   +   e - +1 leather armour
rPois   .          Reflect  .   (no helmet)
rElec   .          Harm     .   (no cloak)
rCorr   .          Rampage  .   (no gloves)
Will    .....                   (no boots)
Stlth   +.........              (no amulet)
HPRegen 0.90/turn               (no ring)
MPRegen 0.08/turn               (no ring)

@: heavily drained
A: fangs 2, regeneration 1, magic shield, antimagic bite, no potion heal 2
a: Renounce Religion, Stomp


You were on level 3 of the Dungeon.
You worshipped Uskayaw.
Uskayaw was noncommittal.
You visited 1 branch of the dungeon, and saw 3 of its levels.
You also visited: Sewer.

You collected 142 gold pieces.

Inventory:

Hand Weapons
 a - the +7 rapier of the Slime-mould (weapon) {antimagic, Int+3}
   (You found it on level 3 of the Dungeon)

   It reduces the magical energy of the wielder, and disrupts the spells and
   magical abilities of those it strikes.
   Natural abilities and divine invocations are not affected.
   Int:       It affects your intelligence (+3).
 b - a +0 hand crossbow
 s - a +1 short sword
Missiles
 n - 15 poisoned darts
Armour
 e - a +1 leather armour (worn)
Wands
 t - a wand of polymorph (5)
 v - a wand of iceblast (5)
Scrolls
 d - a scroll of fog
 g - 2 scrolls of identify
 i - a scroll of amnesia
 l - a scroll of noise {unknown}
 m - 3 scrolls of blinking
 p - a scroll of teleportation
 u - a scroll of enchant armour
Potions
 c - 2 potions of brilliance
 f - 3 potions of might {unknown}
 h - a potion of cancellation {unknown}
 j - a potion of experience {unknown}
 k - 2 potions of curing {unknown}
 o - 2 potions of lignification {unknown}
 q - a potion of invisibility {unknown}
 r - a potion of berserk rage {unknown}


   Skills:
 + Level 3.2 Fighting
 * Level 3.6 Short Blades
 - Level 2.0 Crossbows
 - Level 1.5 Armour
 - Level 1.0 Dodging
 - Level 6.3 Unarmed Combat


You had 6 spell levels left.
You didn't know any spells.
Your spell library contained the following spells:

 Spells                   Type           Power      Damage    Failure   Level
 Conjure Flame            Conj/Fire      0%         6-21      67%         3
 Gell's Gravitas          Tloc           0%         N/A       67%         3
 Ignite Poison            Fire/Tmut/Pois 0%         N/A       67%         3
 Teleport Other           Tloc           0%         N/A       67%         3
 Sticky Flame             Conj/Fire      0%         2d3       97%         4
 Dispersal                Tloc           0%         N/A       100%        6


Dungeon Overview and Level Annotations

Branches:
Dungeon (3/15)              Sewer (visited)

Altars:
Uskayaw

Shops:
D:2 (!=


Innate Abilities, Weirdness & Mutations

You have extremely sharp teeth.
Your natural rate of healing is unusually fast.
When hurt, damage is shared between your health and your magic reserves.
Your bite disrupts and absorbs the magic of your enemies.
Potions cannot restore your health.


Message History

An orc comes into view. It is wielding a +0 flail of draining.
The orc shouts!
The orc moves out of view.
You completely miss the orc. Your bite misses the orc.
The orc barely misses you.
The orc priest hits you with a +0 hand axe.
You hit the orc priest but do no damage.
Your bite misses the orc priest.
The orc priest hits you with a +0 hand axe.
The orc hits you with a +0 flail of draining.
You feel drained.
You hit the orc priest but do no damage.
You bite the orc priest, but do no damage.
The orc priest hits you with a +0 hand axe.
The orc closely misses you.
You hit the orc priest. Your bite misses the orc priest.
The orc priest is moderately wounded.
The orc priest barely misses you.
The orc hits you with a +0 flail of draining.
You feel drained.
You completely miss the orc priest. Your punch misses the orc priest.
Your bite misses the orc priest.
The orc priest is moderately wounded.
The orc priest calls down the wrath of Beogh upon you.
Beogh smites you!
The orc hits you with a +0 flail of draining.
You feel drained.
The orc hits you with a +0 flail of draining!
* * * LOW HITPOINT WARNING * * *
You feel drained.
* * * LOW HITPOINT WARNING * * *
Unknown command.
Okay, then.
Okay, then.
Unknown command.
You hit the orc priest. You bite the orc priest. You drain its power.
You feel invigorated.
The orc priest is severely wounded.
The orc priest hits you with a +0 hand axe.
You die...

#### ...# ...# ########
≈≈≈≈...##############+##
≈≈≈≈.....#.......o..oo..
≈≈≈≈.....#.#####o#.♣.o.♣
#####...[#.#...oo# ♣ ♣
..........>#...#@#
.........#.#.....+
...###...#.#.#.###
....##...#.#...
..>.######.### ....# #.#
#.#.# #.# #.#.# #.#
#.#.# #.#


You could see an orc priest, an orc wizard and 2 orcs.

Vanquished Creatures
  4 kobold brigands (Sewer)
  Terence (D:3)
  Natasha (twice) (D:3)
  A gnoll (D:1)
  4 adders
  2 river rats (Sewer)
  A white imp (D:3)
  5 worms (Sewer)
  3 dart slugs
  2 orcs (D:3)
  10 endoplasms
  6 giant cockroaches
  2 goblins
  3 hobgoblins
  3 quokkas (D:3)
  16 ball pythons
  9 bats
  2 frilled lizards (D:3)
  10 kobolds
  13 rats
99 creatures vanquished.

Notes
Turn   | Place    | Note
-------+----------+-------------------------------------------
     0 | D:1      | Vylera the Vine Stalker Wanderer began the quest for the
                  | Orb.
     0 | D:1      | Vylera set off with the following items: a +1 short sword,
                  | a scroll of blinking, a potion of brilliance, a scroll of
                  | fog, a +0 leather armour.
     0 | D:1      | Reached XP level 1. HP: 10/10 MP: 2/2
   317 | D:1      | Reached XP level 2. HP: 14/14 MP: 3/3
   475 | D:1      | Reached XP level 3. HP: 16/18 MP: 4/4
   567 | D:1      | Reached skill level 5 in Unarmed Combat
  1162 | D:2      | Found Vapsex's Distillery.
  1502 | D:2      | Found Din Kach's Antique Weapon Emporium.
  1653 | D:2      | Found Othrefip's Jewellery Shoppe.
  1746 | D:2      | Found a faded altar of an unknown god.
  1760 | D:2      | Prayed at the altar of an unknown god.
  1760 | D:2      | Became a worshipper of Uskayaw the Reveller
  1760 | D:2      | Reached * piety under Uskayaw
  2212 | D:3      | Reached ** piety under Uskayaw
  2215 | D:3      | Gained mutation: Your natural rate of healing is unusually
                  | fast. [Vine Stalker growth]
  2215 | D:3      | Reached XP level 4. HP: 18/22 MP: 3/5
  2317 | D:3      | Noticed Terence
  2338 | D:3      | Killed Terence
  2338 | D:3      | Reached *** piety under Uskayaw
  2461 | D:3      | Noticed Natasha
  2475 | D:3      | Killed Natasha
  2476 | D:3      | Reached skill level 6 in Unarmed Combat
  2476 | D:3      | Reached XP level 5. HP: 24/25 MP: 6/6
  2523 | D:3      | Found a glowing drain.
  2548 | Sewer    | Entered a sewer
  2752 | Sewer    | Noticed a kobold brigand
  2786 | Sewer    | Killed a kobold brigand
  2787 | Sewer    | Reached XP level 6. HP: 29/30 MP: 5/7
  2892 | Sewer    | Reached skill level 1 in Crossbows
  3245 | Sewer    | Reached XP level 7. HP: 30/36 MP: 5/8
  3322 | D:3      | Identified the +7 rapier of the Slime-mould {antimagic,
                  | Int+3}
  3621 | D:3      | Noticed Natasha
  3627 | D:3      | Killed Natasha
  3766 | D:3      | Slain by an orc priest

Illustrated notes

Levels and vault maps discovered:
D:1:      sevenhm_arrival_forest_fort_small_6, layout_basic, minmay_statues_item
D:2:      layout_loops_ring, serial_shops, shop, shop, shop_statue,
          chequers_ecumenical_altar_island, kennysheep_minor_cross,
          minivault_11, chequers_serial_rivers_small_a
D:3:      minmay_wonky_spiral, layout_basic,
          mainiacjoe_overflow_six_doors_small, portal_sewer_entry_f,
          dk_noncrumbling_2, kennysheep_generic_room_6, uniq_terence,
          uniq_natasha

Skill      XL: |  1  2  3  4  5  6  7 |
---------------+----------------------+-----
Unarmed Combat | 5 6 |  6.3
Short Blades   | 2 3 |  3.6
Fighting       | 2 3 |  3.2
Crossbows      | 1 2 |  2.0
Armour         | |  1.5
Dodging        | |  1.0

Action                   |  1- 3 |  4- 6 |  7- 9 || total
-------------------------+-------+-------+-------++-------
Melee: Short sword       |   103 |   184 |    12 ||   299
       Bite              |    22 |    45 |     6 ||    73
       Punch             |       |     5 |     2 ||     7
       Rapier            |       |       |    19 ||    19
 Fire: Hand crossbow     |       |    66 |     1 ||    67
  Use: Scroll            |       |     6 |       ||     6
 Stab: Sleeping          |     2 |       |       ||     2
       Paralysed         |       |     1 |     1 ||     2
Armor: Leather armour    |    26 |    41 |     8 ||    75
Dodge: Dodged            |    53 |   116 |    10 ||   179

Table legend: (Time is in decaauts)
 A = Elapsed time spent in this place.
 B = Non-inter-level travel time spent in this place.
 C = Inter-level travel time spent in this place.
 D = Time resting spent in this place.
 E = Time spent auto-exploring this place.
 F = Levels seen in this place.
 G = Mean time per level.
                   A        B        C        D        E       F      G
               +--------+--------+--------+--------+--------+-----+--------+
         Total |   3965 |   3906 |     59 |      0 |   2871 |   4 |  991.2 |
       Dungeon |   3054 |   2995 |     59 |      0 |   2295 |   3 | 1018.0 |
         Sewer |    911 |    911 |      0 |      0 |    576 |   1 |  911.0 |
               +--------+--------+--------+--------+--------+-----+--------+

Top non-repeatable levels by time:
     D:1: 1152 daAuts
     D:2: 1065 daAuts
   Sewer: 911 daAuts
     D:3: 836 daAuts
